 Dungeon Crawl Stone Soup version 0.24-a0-139-geb6712d (webtiles) character file.

Game seed: 15698991494415336802

130 nikopol the Chopper (level 5, -8/47 HPs)
             Began as a Hill Orc Fighter on Mar 2, 2019.
             Killed by nerve-wracking pain
             ... invoked by Grinder
              (10 damage)
             ... on level 3 of the Dungeon.
             The game lasted 00:03:50 (1410 turns).

nikopol the Chopper (Hill Orc Fighter)              Turns: 1410, Time: 00:03:51

Health: -8/47      AC:  7    Str: 25    XL:     5   Next: 14%
Magic:  5/5        EV:  8    Int:  8    God:
Gold:   47         SH:  9    Dex: 10    Spells: 4/4 levels left

rFire    . . .     SeeInvis .   a - +0 war axe
rCold    . . .     Gourm    .   c - +0 shield
rNeg     . . .     Faith    .   b - +0 scale mail
rPois    .         Spirit   .   (no helmet)
rElec    .         Reflect  .   (no cloak)
rCorr    .         Harm     .   (no gloves)
MR       .....                  (no boots)
Stlth    ..........             (no amulet)
HPRegen  0.15/turn              (no ring)
MPRegen  0.09/turn              (no ring)

@: mighty
A: no striking features
a: no special abilities


You were on level 3 of the Dungeon.
You were not hungry.

You visited 1 branch of the dungeon, and saw 4 of its levels.

You collected 47 gold pieces.

Inventory:

Hand Weapons
 a - a +0 war axe (weapon)
Armour
 b - a +0 scale mail (worn)
 c - a +0 shield (worn)
Scrolls
 e - a scroll of fog {unknown}
 h - 2 scrolls of identify {unknown}
 i - a scroll of teleportation {unknown}
 m - a scroll of remove curse {unknown}
Potions
 k - a potion of ambrosia {unknown}
 l - a potion of agility {unknown}
 n - a potion of brilliance {unknown}
Comestibles
 f - 7 rations


   Skills:
 + Level 4.3 Fighting
 + Level 4.7 Axes
 + Level 4.0 Armour
 + Level 0.9 Dodging
 + Level 3.7 Shields


You had 4 spell levels left.
You didn't know any spells.
Your spell library was empty.

Dungeon Overview and Level Annotations

Branches:
Dungeon (4/15)
 Temple: D:4-7

Altars:
Dithmenos

Annotations:
D:3 Grinder


Message History

* * * LOW HITPOINT WARNING * * *
You barely miss Grinder.
Grinder is heavily wounded.
You slash the rat!
You kill the rat!
An adder comes into view.
Grinder hits you but does no damage.
The adder moves out of view.
You slash Grinder!
Grinder is almost dead.
Grinder gestures at you. You resist with significant effort.
Your shield and scale mail prevent you from hitting Grinder.
Grinder is almost dead.
Grinder hits you.
* * * LOW HITPOINT WARNING * * *
You writhe in agony.
* * * LOW HITPOINT WARNING * * *
Grinder gestures at you. Pain shoots through your body!
You die...

≈≈≈≈P≈≈ ♣≈≈♣ ≈
≈≈≈≈≈≈≈ ≈≈≈ ###
≈≈≈≈≈≈≈≈P ≈≈♣#..
≈≈≈≈PP≈≈≈ ≈♣...
≈≈≈≈PP≈P≈♣≈..#
≈≈≈≈ ≈≈♣...#####
♣≈≈♣♣.........
#5@.<...#
#†..†...#
#........#
#?..#....?....
...####....###..
..## ####.# . .
.# ##


You could see Grinder.

Vanquished Creatures
  Natasha (D:3)
  2 adders
  An ooze (D:1)
  A worm (D:2)
  A dart slug (D:1)
  3 leopard geckos
  A ball python (D:2)
  7 bats
  5 giant cockroaches
  4 goblins
  7 hobgoblins
  16 jackals
  9 kobolds
  2 quokkas (D:2)
  A frilled lizard (D:2)
  5 rats
66 creatures vanquished.

Notes
Turn   | Place    | Note
-------+----------+-------------------------------------------
     0 | D:1      | nikopol the Hill Orc Fighter began the quest for the Orb.
     0 | D:1      | Reached XP level 1. HP: 19/19 MP: 1/1
    38 | D:1      | Reached XP level 2. HP: 26/27 MP: 2/2
   151 | D:1      | Reached XP level 3. HP: 28/33 MP: 3/3
   645 | D:2      | Reached XP level 4. HP: 29/40 MP: 4/4
   918 | D:2      | You fall through a shaft for 2 floors!
   918 | D:4      | Found a shadowy altar of Dithmenos.
   939 | D:3      | Noticed Natasha
   948 | D:3      | Killed Natasha
   961 | D:3      | Reached XP level 5. HP: 19/47 MP: 5/5
  1301 | D:2      | Found a faded altar of an unknown god.
  1395 | D:3      | Noticed Grinder
  1410 | D:3      | HP: 2/47 [Grinder (5)]
  1410 | D:3      | Killed from afar by Grinder

Levels and vault maps discovered:
D:1:      dpeg_arrival_rooms_with_view, layout_loops_ring,
          hangedman_decor_points, minmay_fountain_box, minmay_tiny_reverse_x
D:2:      layout_rooms, chequers_ecumenical_altar_island, feat_on_display
D:3:      cheibrodos_old_hovel, layout_rooms, marbit_many_paths,
          serial_bayou_lake_a, uniq_grinder, uniq_natasha
D:4:      layout_rooms, nicolae_dithmenos_through_a_glass_darkly,
          uniq_blork_the_orc, uniq_pikel

Skill      XL: |  1  2  3  4  5 |
---------------+----------------+-----
Axes           | 3 4 |  4.7
Fighting       | 4 |  4.3
Armour         | 4 |  4.0
Dodging        | |  0.9
Shields        | |  3.7

Action                   |  1- 3 |  4- 6 || total
-------------------------+-------+-------++-------
Melee: War axe           |   103 |    60 ||   163
  Use: Potion            |       |     1 ||     1
  Eat: Chunk             |       |     2 ||     2
Armor: Scale mail        |    47 |    49 ||    96
Dodge: Dodged            |    36 |    33 ||    69
Block: Shield            |    63 |    32 ||    95

Table legend:
 A = Non-vault XP
 B = Vault XP
 C = Vault XP percentage of total XP
 D = Non-vault monster count
 E = Vault monster count
 F = Vault count percentage of total count
                 A         B        C        D         E       F
            +---------+---------+-------+---------+---------+-------
      Total |     141 |      46 |  24.6 |      61 |       5 |   7.6
            +---------+---------+-------+---------+---------+-------
        D:1 |      60 |      10 |  14.3 |      30 |       4 |  11.8
        D:2 |      51 |       0 |   0.0 |      21 |       0 |   0.0
        D:3 |      30 |      36 |  54.5 |      10 |       1 |   9.1
            +---------+---------+-------+---------+---------+-------
